 Dungeon Crawl Stone Soup version 0.26.1-11-gd32895ea62 (webtiles) character file.

Game seed: 10248000494034842817

851 Zeld the Gusty (level 8, -6/57 HPs)
             Began as a Gnoll Air Elementalist on June 12, 2021.
             Was an Initiate of Sif Muna.
             Mangled by a worker ant (7 damage)
             ... on level 5 of the Dungeon.
             The game lasted 00:07:43 (5639 turns).

Zeld the Gusty (Gnoll Air Elementalist)             Turns: 5639, Time: 00:07:43

Health: -6/57      AC:  2    Str: 10    XL:     8   Next: 1%
Magic:  11/16      EV: 15    Int: 20    God:    Sif Muna [......]
Gold:   240        SH:  0    Dex: 16    Spells: 3/18 levels left

rFire    . . .     SeeInvis .     - Unarmed
rCold    . . .     Faith    .   (no shield)
rNeg     . . .     Spirit   .   a - +0 robe
rPois    .         Reflect  .   (no helmet)
rElec    .         Harm     .   (no cloak)
rCorr    .         Rampage  .   (no gloves)
Will     .....                  (no boots)
Stlth    +++.......             (no amulet)
HPRegen  0.19/turn              (no ring)
MPRegen  0.15/turn              (no ring)

@: lethally poisoned (-6 -> -10)
A: distributed training, fangs 1, strong nose
a: Renounce Religion


You were on level 5 of the Dungeon.
You worshipped Sif Muna.
Sif Muna was noncommittal.
You visited 1 branch of the dungeon, and saw 5 of its levels.

You collected 240 gold pieces.

Inventory:

Armour
 a - a +0 robe (worn)
Scrolls
 e - a scroll of fog {unknown}
 h - 5 scrolls of remove curse {unknown}
 i - 5 scrolls of identify {unknown}
 k - 3 scrolls of immolation {unknown}
 l - 4 scrolls of teleportation {unknown}
 m - 3 scrolls of enchant armour {unknown}
 o - 2 scrolls of magic mapping {unknown}
 q - 3 scrolls of amnesia {unknown}
 r - a scroll of enchant weapon {unknown}
Potions
 b - 2 potions of degeneration {unknown}
 c - 2 potions of might {unknown}
 d - a potion of heal wounds {unknown}
 f - 2 potions of mutation {unknown}
 g - 3 potions of curing {unknown}
 j - a potion of invisibility {unknown}
 n - 2 potions of brilliance {unknown}
 p - 2 potions of cancellation {unknown}


   Skills:
 + Level 2.8 Fighting
 + Level 2.8 Short Blades
 + Level 2.8 Long Blades
 + Level 2.8 Axes
 + Level 2.8 Maces & Flails
 + Level 2.8 Polearms
 + Level 2.8 Staves
 + Level 2.8 Slings
 + Level 2.8 Bows
 + Level 2.8 Crossbows
 + Level 2.8 Throwing
 + Level 2.8 Armour
 + Level 5.4 Dodging
 + Level 5.1 Stealth
 + Level 2.8 Shields
 + Level 2.8 Unarmed Combat
 + Level 5.8 Spellcasting
 + Level 3.2 Conjurations
 + Level 2.3 Hexes
 + Level 2.3 Summonings
 + Level 2.3 Necromancy
 + Level 2.3 Translocations
 + Level 2.3 Transmutations
 + Level 2.3 Fire Magic
 + Level 2.3 Ice Magic
 + Level 6.0 Air Magic
 + Level 2.3 Earth Magic
 + Level 2.3 Poison Magic
 + Level 3.1 Invocations
 + Level 2.8 Evocations


You had 3 spell levels left.
You knew the following spells:

 Your Spells              Type           Power        Failure   Level
a - Shock                 Conj/Air       96%          1%          1
b - Swiftness             Air            29%          1%          2
c - Static Discharge      Conj/Air       24%          4%          3
d - Airstrike             Air            14%          9%          4
e - Lightning Bolt        Conj/Air       12%          41%         5

Your spell library contained the following spells:

 Spells                   Type           Power        Failure   Level


Dungeon Overview and Level Annotations

Branches:
Dungeon (5/15)             Temple (0/1) D:5

Altars:
Dithmenos
Ru
Sif Muna
Xom
Zin


Innate Abilities, Weirdness & Mutations

Your experience applies equally to all skills.
You have very sharp teeth.
Your uncanny sense of smell can sniff out nearby items.


Message History

The necrophage barely misses you.
The centaur wields a +0 shortbow.
The centaur shoots an arrow.
The arrow hits you.
You see here an arrow.
The centaur shoots an arrow.
The arrow completely misses you.
You hear a splash.
The worker ant bites you. The necrophage hits you.
The centaur shoots an arrow.
The arrow hits you.
* * * LOW HITPOINT WARNING * * *
The worker ant bites you!
* * * LOW HITPOINT WARNING * * *
You are poisoned.
The worker ant poisons you!
A leopard gecko comes into view.
Found 18 gold pieces.
You feel sick.
A hound skeleton comes into view.
A quokka zombie comes into view.
You feel sick.
The centaur shoots an arrow.
The arrow hits you.
* * * LOW HITPOINT WARNING * * *
The worker ant bites you!
You die...

...........≈≈≈≈≈......
.#......≈≈≈≈≈≈≈≈≈.... .
##..#..≈≈≈≈≈≈≈≈≈≈≈≈≈..
..#.....≈≈≈≈≈≈...≈≈≈≈≈≈.
.............>.≈≈≈≈≈≈.
..#....≈≈≈≈≈≈...≈≈≈≈≈≈.
...#...≈≈≈≈≈≈≈≈≈≈≈≈≈≈≈.
.....#@.≈≈≈≈≈≈≈≈≈≈≈≈≈..
#..B.n.≈≈≈≈≈≈≈≈≈....
###5.....≈≈≈≈≈......
#..c.(............
....>........#..#....
...#$##(...........###
#...##.##Z............
...$.......#..........
#.l##....Z.##.........


You could see a necrophage, a centaur, a worker ant, a shadow imp and a hound
skeleton.

Vanquished Creatures
  Grinder (D:3)
  2 ogres (D:4)
  5 orc wizards
  A bullfrog zombie (D:5)
  A bullfrog skeleton (D:4)
  Natasha (thrice) (D:3)
  3 worker ants (D:4)
  A gnoll (D:1)
  7 adders
  An adder skeleton (D:4)
  2 worms
  2 dart slugs (D:1)
  A leopard gecko (D:3)
  7 orcs
  8 bats
  A giant cockroach (D:3)
  7 goblins
  8 hobgoblins
  A jackal (D:2)
  6 kobolds
  A quokka (D:3)
  2 ball pythons
  6 frilled lizards
  5 rats
82 creatures vanquished.

Notes
Turn   | Place    | Note
-------+----------+-------------------------------------------
     0 | D:1      | Zeld the Gnoll Air Elementalist began the quest for the
                  | Orb.
     0 | D:1      | Reached XP level 1. HP: 13/13 MP: 6/6
    59 | D:1      | Reached XP level 2. HP: 20/20 MP: 0/7
    62 | D:1      | Learned a level 2 spell: Swiftness
   417 | D:1      | Reached XP level 3. HP: 25/25 MP: 7/9
   421 | D:1      | Learned a level 3 spell: Static Discharge
   477 | D:1      | Reached skill level 5 in Spellcasting
   928 | D:2      | Reached skill level 1 in Invocations
  1041 | D:2      | Reached skill level 1 in Fighting
  1041 | D:2      | Reached skill level 1 in Short Blades
  1041 | D:2      | Reached skill level 1 in Long Blades
  1041 | D:2      | Reached skill level 1 in Axes
  1041 | D:2      | Reached skill level 1 in Maces & Flails
  1041 | D:2      | Reached skill level 1 in Polearms
  1041 | D:2      | Reached skill level 1 in Staves
  1041 | D:2      | Reached skill level 1 in Slings
  1041 | D:2      | Reached skill level 1 in Bows
  1041 | D:2      | Reached skill level 1 in Crossbows
  1041 | D:2      | Reached skill level 1 in Throwing
  1041 | D:2      | Reached skill level 1 in Armour
  1041 | D:2      | Reached skill level 1 in Shields
  1041 | D:2      | Reached skill level 1 in Unarmed Combat
  1041 | D:2      | Reached skill level 1 in Evocations
  1099 | D:2      | Reached XP level 4. HP: 32/32 MP: 4/11
  1196 | D:2      | Found a glowing silver altar of Zin.
  1404 | D:2      | Learned a level 4 spell: Airstrike
  1511 | D:2      | Found a shadowy altar of Dithmenos.
  1881 | D:2      | Reached skill level 1 in Hexes
  1881 | D:2      | Reached skill level 1 in Summonings
  1881 | D:2      | Reached skill level 1 in Necromancy
  1881 | D:2      | Reached skill level 1 in Translocations
  1881 | D:2      | Reached skill level 1 in Transmutations
  1881 | D:2      | Reached skill level 1 in Fire Magic
  1881 | D:2      | Reached skill level 1 in Ice Magic
  1881 | D:2      | Reached skill level 1 in Earth Magic
  1881 | D:2      | Reached skill level 1 in Poison Magic
  1892 | D:2      | Found a shimmering altar of Xom.
  2284 | D:3      | Noticed Natasha
  2435 | D:3      | Killed Natasha
  2436 | D:3      | Reached XP level 5. HP: 31/37 MP: 4/12
  2880 | D:3      | Noticed Grinder
  2887 | D:3      | Paralysed by Grinder for 3 turns
  2894 | D:3      | Killed Grinder
  2895 | D:3      | Reached skill level 5 in Dodging
  2895 | D:3      | Reached XP level 6. HP: 16/44 MP: 1/14
  2901 | D:3      | Learned a level 5 spell: Lightning Bolt
  3011 | D:3      | Noticed Natasha
  3017 | D:3      | Killed Natasha
  3179 | D:3      | Noticed Natasha
  3186 | D:3      | Killed Natasha
  4021 | D:4      | Reached XP level 7. HP: 45/50 MP: 6/15
  4627 | D:4      | Found a sacrificial altar of Ru.
  4676 | D:4      | Reached skill level 5 in Stealth
  4864 | D:4      | Found a shimmering blue altar of Sif Muna.
  4881 | D:4      | Became a worshipper of Sif Muna the Loreminder
  5599 | D:5      | Entered Level 5 of the Dungeon
  5615 | D:5      | Found a staircase to the Ecumenical Temple.
  5629 | D:5      | Reached skill level 6 in Air Magic
  5629 | D:5      | Reached XP level 8. HP: 28/57 MP: 10/16
  5639 | D:5      | HP: 1/57 [centaur/arrow (6)]
  5639 | D:5      | Mangled by a worker ant

Illustrated notes

Levels and vault maps discovered:
D:1:      dpeg_arrival_tiny_a, layout_loops_ring
D:2:      layout_loops_ring, marbit_many_paths, old_standard_altar,
          lemuel_statue_altar
D:3:      layout_rooms, uniq_natasha, uniq_grinder
D:4:      layout_basic, lemuel_crystal_altar, hangedman_ru_absence
D:5:      layout_cave_pools, temple_pool_b, uniq_sigmund

Skill      XL: |  1  2  3  4  5  6  7 |
---------------+----------------------+-----
Conjurations   | 2 3 |  3.2
Spellcasting   | 5 |  5.8
Invocations    | 1 2 3 |  3.1
Fighting       | 1 2 |  2.8
Short Blades   | 1 2 |  2.8
Long Blades    | 1 2 |  2.8
Axes           | 1 2 |  2.8
Maces & Flails | 1 2 |  2.8
Polearms       | 1 2 |  2.8
Staves         | 1 2 |  2.8
Slings         | 1 2 |  2.8
Bows           | 1 2 |  2.8
Crossbows      | 1 2 |  2.8
Throwing       | 1 2 |  2.8
Armour         | 1 2 |  2.8
Shields        | 1 2 |  2.8
Unarmed Combat | 1 2 |  2.8
Evocations     | 1 2 |  2.8
Hexes          | 1 2 |  2.3
Summonings     | 1 2 |  2.3
Necromancy     | 1 2 |  2.3
Translocations | 1 2 |  2.3
Transmutations | 1 2 |  2.3
Fire Magic     | 1 2 |  2.3
Ice Magic      | 1 2 |  2.3
Earth Magic    | 1 2 |  2.3
Poison Magic   | 1 2 |  2.3
Dodging        | 5 |  5.4
Stealth        | 5 |  5.1
Air Magic      | 6 |  6.0

Action                   |  1- 3 |  4- 6 |  7- 9 || total
-------------------------+-------+-------+-------++-------
Melee: Unarmed           |       |     2 |    10 ||    12
       Bite              |       |     1 |       ||     1
 Cast: Shock             |    51 |   132 |    65 ||   248
       Airstrike         |       |       |     4 ||     4
Armor: Robe              |       |       |     4 ||     4
Dodge: Dodged            |    10 |    25 |    36 ||    71
